 Dungeon Sprint DCSS version 0.16-a0-3187-geb38783 (webtiles) character file.

340 BluebellGnoll the Covert (level 6, -5/32 HPs)
             Began as a Spriggan Berserker on Dec 17, 2014.
             Was an Elder of Trog.
             Engulfed by a ghost crab (shapeshifter)'s ghostly flame (11 damage)
             ... in the Dungeon (Sprint IX: "|||||||||||||||||||||||||||||").
             The game lasted 00:04:09 (595 turns).

BluebellGnoll the Covert (Spriggan Berserker)        Turns: 595, Time: 00:04:10

Health: -5/32      AC:  2    Str: 18    XL:     6   Next: 30%
Magic:  12/12      EV: 26    Int: 11    God:    Trog [****..]
Gold:   0          SH:  0    Dex: 16    Spells: 0 memorised, 5 levels left

rFire  . . .     SeeInvis +     m - +2 rapier (elec)
rCold  . . .     Clarity  .     b - +0 animal skin
rNeg   . . .     SustAb   .     (shield restricted)
rPois  .         Gourm    .     (helmet restricted)
rElec  .         Spirit   .     (no cloak)
rCorr  .         Warding  .     (gloves unavailable)
rMut   .         NoTele   +     (boots unavailable)
MR     +++..                    (no amulet)
Stlth  ++++++....               o - +3 ring of intelligence
                                n - +3 ring of strength

@: regenerating, very quick, extremely resistant to hostile enchantments, very
stealthy
A: unfitting armour, see invisible, herbivore 3, speed 3, slow metabolism 2
a: Burn Spellbooks, Berserk, Trog's Hand, Brothers in Arms, Renounce Religion


You were in the Dungeon.
You worshipped Trog.
Trog was greatly pleased with you.
You were not hungry.

You visited 1 branch

Inventory:

Hand weapons
 m - a +2 rapier of electrocution (weapon)
 p - a +0 dagger
 q - a +0 mace
Armour
 b - a +0 animal skin (worn)
Jewellery
 n - a +3 ring of strength (left hand)
 o - a +3 ring of intelligence (right hand)
Magical devices
 l - a wand of fire (7)
Scrolls
 i - 2 scrolls of blinking
 k - 3 scrolls of remove curse
Potions
 d - a potion of invisibility
 e - 3 potions of heal wounds
 f - a potion of haste
 g - 4 potions of magic
 h - a potion of berserk rage
 j - 4 potions of curing
Comestibles
 c - a bread ration


   Skills:
 - Level 2.4 Fighting
 - Level 8.6 Short Blades
 - Level 1.3 Armour
 - Level 11.0 Dodging
 + Level 12.6 Stealth


You had 5 spell levels left.
You didn't know any spells.

Dungeon Overview and Level Annotations

Branches:
Dungeon (1/1)

Altars:
Cheibriados
Dithmenos
Elyvilon
Fedhas
Gozag
Kikubaaqudgha
Makhleb
Nemelex Xobeh
Okawaru
Qazlal
Ru
Sif Muna
Trog
Vehumet
Xom
Yredelemnul
Zin
The Shining One
Beogh
Jiyva
Lugonu


Innate Abilities, Weirdness & Mutations

You are tiny and cannot use many weapons and most armour.
You have supernaturally acute eyesight.
You are a herbivore.
You cover ground extremely quickly.
You need consume almost no food.


Message History

You are engulfed in ghostly flame.
The two-headed ogre is engulfed in ghostly flame.
The centaur warrior is engulfed in ghostly flame.
You puncture the spectral ball python!
You destroy the spectral ball python!
You are engulfed in ghostly flame.
The two-headed ogre changes into a spider!
The ghost crab breathes ghostly flame at you.
The ghostly flame engulfs the spectral alligator snapping turtle.
The ogre is engulfed in ghostly flame.
The centaur warrior is engulfed in ghostly flame.
You are engulfed in ghostly flame.
* * * LOW HITPOINT WARNING * * *
The centaur warrior is engulfed in ghostly flame.
The spider is engulfed in ghostly flame.
The ogre is engulfed in ghostly flame.
You hit the spectral adder.
The spectral adder is moderately damaged.
You are engulfed in ghostly flame.
You die... ▓▓▓▓▓▓▓▓▓▓▓▓▓▓▓▓▓▓▓▓▓▓▓▓▓▓▓▓▓ ____'.?|)[[[..§Z@§sOZcZ§t.y.+ ▓▓▓▓▓▓▓▓▓▓▓▓▓▓▓▓▓▓▓▓▓▓▓▓▓▓▓▓▓

You could see a ghost crab shaped shifter, a centaur warrior, a spectral adder, a spectral alligator snapping turtle, a spectral monstrous demonspawn, an ogre and a spider shaped shifter.

Vanquished Creatures
  A deep elf mage (D)
  A sky beast (D)
  A crimson imp (D)
  2 iguanas (D)
  An orc wizard (D)
  An orc (D)
  A bat skeleton (D)
  3 bats (D)
  A giant gecko skeleton (D)
  4 rats (D)
  A spectral ball python (D)
  2 ballistomycetes (D)
19 creatures vanquished.

Vanquished Creatures (others)
  A giant spore (D)
1 creature vanquished.

Grand Total: 20 creatures vanquished

Notes
Turn   | Place    | Note
--------------------------------------------------------------
     0 | D        | BluebellGnoll, the Spriggan Berserker, began the quest for the Orb.
     0 | D        | Reached XP level 1. HP: 11/11 MP: 2/2
    10 | D        | Acquired Trog's second power
    17 | D        | Reached skill level 4 in Stealth
    83 | D        | Noticed a crimson imp
    83 | D        | Noticed an orc wizard
    85 | D        | Reached skill level 5 in Stealth
   103 | D        | Killed an orc wizard
   103 | D        | Acquired Trog's third power
   103 | D        | Reached skill level 9 in Stealth
   103 | D        | Reached XP level 2. HP: 13/16 MP: 4/4
   103 | D        | Reached XP level 3. HP: 15/19 MP: 6/6
   116 | D        | Killed a crimson imp
   116 | D        | Reached skill level 11 in Stealth
   116 | D        | Reached XP level 4. HP: 12/23 MP: 8/8
   123 | D        | Found a glowing silver altar of Zin.
   123 | D        | Found a glowing golden altar of the Shining One.
   123 | D        | Found an ancient bone altar of Kikubaaqudgha.
   123 | D        | Found a basalt altar of Yredelemnul.
   123 | D        | Found a shimmering altar of Xom.
   123 | D        | Found a radiant altar of Vehumet.
   123 | D        | Found an iron altar of Okawaru.
   124 | D        | Found a burning altar of Makhleb.
   125 | D        | Found a deep blue altar of Sif Muna.
   126 | D        | Found a bloodstained altar of Trog.
   127 | D        | Found a sparkling altar of Nemelex Xobeh.
   128 | D        | Found a white marble altar of Elyvilon.
   129 | D        | Found a roughly hewn altar of Beogh.
   130 | D        | Found a viscous altar of Jiyva.
   131 | D        | Found a corrupted altar of Lugonu.
   132 | D        | Found a blossoming altar of Fedhas.
   133 | D        | Found a snail-covered altar of Cheibriados.
   134 | D        | Found a shadowy altar of Dithmenos.
   135 | D        | Found a stormy altar of Qazlal.
   136 | D        | Found an opulent altar of Gozag.
   137 | D        | Found a sacrificial altar of Ru.
   327 | D        | Noticed an iguana
   327 | D        | Noticed a sky beast
   327 | D        | Noticed a deep elf mage
   510 | D        | Killed an iguana
   518 | D        | Killed a sky beast
   518 | D        | Reached XP level 5. HP: 27/27 MP: 10/10
   527 | D        | Killed a deep elf mage
   527 | D        | Reached XP level 6. HP: 32/32 MP: 12/12
   581 | D        | Noticed an iguana
   581 | D        | Noticed a two-headed ogre
   581 | D        | Noticed an ogre
   581 | D        | Noticed a centaur warrior
   581 | D        | Noticed a boring beetle
   581 | D        | Noticed a yellow wasp
   587 | D        | Killed an iguana
   587 | D        | Reached skill level 12 in Stealth
   588 | D        | Noticed a ghost crab
   588 | D        | a boring beetle changed into a ghost crab
   592 | D        | Noticed a spectral alligator snapping turtle
   593 | D        | a two-headed ogre changed into a spider
   595 | D        | Noticed a spectral monstrous demonspawn
   595 | D        | Engulfed by a ghost crab (shapeshifter)'s ghostly flame

Action                   |  1- 3 |  4- 6 || total
-------------------------+-------+-------++-------
Melee: Short sword       |    40 |       ||    40
       Rapier            |       |    31 ||    31
Invok: Berserk           |     1 |     1 ||     2
       Trog's Hand       |       |     2 ||     2
       Brothers in Arms  |       |     1 ||     1
  Use: Potion            |     1 |       ||     1
 Stab: Sleeping          |     2 |       ||     2
